 Dungeon Sprint DCSS version 0.26-a0-665-gefeb406119 (webtiles) character file.

Game seed: 6802211115717362020

13000000 olmar the Axe Maniac (level 27, -248/292 HPs)
             Began as a Palentonga Warper on Oct 14, 2020.
             Was the Champion of Makhleb.
             Annihilated by a fleshlord
             ... wielding a +9 great mace
              (293 damage)
             ... in the Dungeon (Sprint VIII: "Arena of Blood").
             The game lasted 00:08:05 (130 turns).

olmar the Axe Maniac (Palentonga Warper)             Turns: 130, Time: 00:08:06

Health: -248/292   AC:  8    Str: 18    XL:     27
Magic:  33/54      EV: 30    Int: 15    God:    Makhleb [******]
Gold:   0          SH:  0    Dex: 18    Spells: 80/80 levels left

rFire    + . .     SeeInvis +   c - +∞ Axe of Woe
rCold    . . .     Faith    .   (shield currently unavailable)
rNeg     . . .     Spirit   .   b - +0 leather armour
rPois    .         Reflect  .   (no helmet)
rElec    .         Harm     .   (no cloak)
rCorr    .         Rampage  .   (no gloves)
MR       ++...     NoTele   +   (no barding)
Stlth    +++++++++.             (no amulet)
HPRegen  0.58/turn              k - ring of protection from fire
MPRegen  0.34/turn              (no ring)

@: slowed, very slow
A: large, rugged brown scales 3, see invisible, deformed body, roll, armoured
tail
a: Rolling Charge, Minor Destruction, Lesser Servant of Makhleb, Major
Destruction, Greater Servant of Makhleb, Renounce Religion


You were in the Dungeon.
You worshipped Makhleb.
Makhleb was exalted by your worship.
You visited 1 branch

Inventory:

Hand Weapons
 a - a +0 hand axe
 c - the +∞ Axe of Woe (weapon)
   (You found it in the Dungeon)
Missiles
 e - 5 boomerangs of dispersal (quivered)
Armour
 b - a +0 leather armour (worn)
Jewellery
 k - a ring of protection from fire (left hand)
Scrolls
 d - 2 scrolls of blinking
Potions
 f - a potion of curing
 g - a potion of heal wounds
 i - 2 potions of magic
 j - a potion of berserk rage


   Skills:
 O Level 27 Fighting
 O Level 27 Axes
 O Level 27 Throwing
 O Level 27 Armour
 O Level 27 Dodging
 O Level 27 Stealth
 O Level 27 Unarmed Combat
 O Level 27 Spellcasting
   Level 3.0 Translocations
 O Level 27 Invocations


You had 80 spell levels left.
You didn't know any spells.
Your spell library contained the following spells:

 Spells                   Type           Power        Failure   Level
 Blink                    Tloc           N/A          1%          2
 Gell's Gravitas          Tloc           ####......   1%          3
 Lesser Beckoning         Tloc           ####......   1%          3
 Teleport Other           Tloc           ####....     1%          3
 Passage of Golubria      Tloc           N/A          5%          4


Dungeon Overview and Level Annotations

Branches:
Dungeon (1/1)

Altars:
Makhleb


Innate Abilities, Weirdness & Mutations

You are completely covered in rugged brown scales. (AC +3, +7% HP)
You have supernaturally acute eyesight. (SInv)
Armour fits poorly on your strangely shaped body.
You can roll at foes to attack.
You have a long armoured tail.


Message History

The fleshlord convulses!
The bag of meat convulses!
The fleshlord convulses! x2
Your body is wracked with pain!
The bag of meat convulses!
The fleshlord convulses!
The eight-headed meat hydra calls on the powers of darkness!
The eight-headed meat hydra convulses!
The bag of meat convulses! x3
The large bag of meat convulses!
Flame seeps out of the large bag of meat.
The bag of meat convulses! x5; The fleshlord convulses! x2
Your body is wracked with pain!
* * * LOW HITPOINT WARNING * * *
The fleshlord convulses!
The bag of meat convulses!
The large bag of meat is engulfed in blazing flames.
The accursed casts a spell at you. Something smites you!
* * * LOW HITPOINT WARNING * * *
The tyrant mumbles some strange words.
A dread comes into view.
The fleshlord hits you with a +9 great mace!!!!!!
Ouch! That really hurt!
You die...

#.....###..oX..#. .........
#....#.....o.W.o...........
#.....X..#°MooMoX..........
#......DLX#ooxXo...#.......
#.....).Xo§§o#oDz..#.......
#...)..○zX#o§oX..###...o.o.
#...)#))O)o☼zoX......o###.)
#..).##.)pp)o.#.......O_O.)
#....§#.W)@p#.......#.)...#
#=....X###)x........#_.o._#
#.....##Xpo§#.......#.....#
#....#..Wz))..#........_...
#....#)§)§§..G........###..
#.W...)○§))))D...###2......
#...).p))))).......#..).x).
#......).)..)))....#z..)...
#......○○.#.....)..z....o..


You could see 2 accurseds, a tyrant, 3 eight-headed meat hydras, an observer
(fast, invisible), 5 fleshlords, 4 sculptors of flesh, a large bag of meat
(inner flame), 9 large abominations, a wretched soul (invisible), 2 dreads, 17
bags of meat and 2 crawling corpses.

Vanquished Creatures
  11 hell beasts (D)
  Edmund (D)
  8 greater mummies (D)
  10 great orbs of eyes (D)
  10 wraiths (D)
  16 vampire knights (D)
  52 ogres (D)
  12 two-headed ogres (D)
  10 liches (D)
  4 hydras (D)
  103 orcs (D)
  4 phantoms (D)
  11 skeletal warriors (D)
  2 sea snakes (D)
  5 large abominations (D)
  11 small abominations (D)
  28 crawling corpses (D)
298 creatures vanquished.

Vanquished Creatures (others)
  3 two-headed ogres (D)
  8 orcs (D)
  16 crawling corpses (D)
27 creatures vanquished.

Grand Total: 325 creatures vanquished

Notes
Turn   | Place    | Note
-------+----------+-------------------------------------------
     0 | D        | Found the +∞ Axe of Woe
     0 | D        | olmar the Palentonga Warper began the quest for the Orb.
     0 | D        | Reached XP level 1. HP: 18/18 MP: 3/3
     1 | D        | Noticed a meat berserker
     2 | D        | Noticed a bag of meat
     3 | D        | Became a worshipper of Makhleb the Destroyer
     4 | D        | Noticed a bag of meat
     5 | D        | Killed a meat berserker
     5 | D        | Reached skill level 15 in Fighting
     5 | D        | Reached skill level 5 in Armour
     5 | D        | Reached XP level 2. HP: 51/51 MP: 3/20
     5 | D        | Reached XP level 3. HP: 58/58 MP: 3/21
     5 | D        | Reached XP level 4. HP: 66/66 MP: 3/23
     5 | D        | Reached XP level 5. HP: 73/73 MP: 3/24
     5 | D        | Reached XP level 6. HP: 82/82 MP: 3/26
     5 | D        | Reached XP level 7. HP: 88/88 MP: 3/27
     5 | D        | Reached XP level 8. HP: 97/97 MP: 3/29
     5 | D        | Reached XP level 9. HP: 105/105 MP: 3/30
     5 | D        | Reached XP level 10. HP: 113/113 MP: 3/31
     5 | D        | Reached XP level 11. HP: 120/120 MP: 3/32
     5 | D        | Reached XP level 12. HP: 129/129 MP: 3/33
     5 | D        | Reached XP level 13. HP: 135/135 MP: 3/34
     5 | D        | Noticed a bag of meat
     5 | D        | Noticed a meat berserker
     5 | D        | Noticed a bag of meat
     5 | D        | Noticed a bag of meat
     6 | D        | Noticed a meat berserker
     6 | D        | Killed a bag of meat
     6 | D        | Reached * piety under Makhleb
     6 | D        | Reached skill level 5 in Throwing
     7 | D        | Killed a meat berserker
     7 | D        | Reached skill level 15 in Dodging
     7 | D        | Reached XP level 14. HP: 156/156 MP: 3/38
     7 | D        | Killed a bag of meat
     7 | D        | Reached XP level 15. HP: 165/165 MP: 3/40
     8 | D        | Killed a meat berserker
     8 | D        | Reached ** piety under Makhleb
     8 | D        | Reached XP level 16. HP: 180/180 MP: 4/43
     8 | D        | Noticed a meat berserker
    12 | D        | Noticed a meat berserker
    13 | D        | Reached *** piety under Makhleb
    14 | D        | Noticed a meat berserker
    14 | D        | Noticed a meat berserker
    14 | D        | Reached XP level 17. HP: 195/195 MP: 5/46
    14 | D        | Noticed a meat berserker
    15 | D        | Noticed a meat berserker
    15 | D        | Noticed a meat berserker
    16 | D        | Noticed a meat berserker
    16 | D        | Reached **** piety under Makhleb
    16 | D        | Reached skill level 27 in Axes
    17 | D        | Killed a meat berserker
    17 | D        | Reached skill level 27 in Fighting
    17 | D        | Reached skill level 10 in Throwing
    17 | D        | Reached skill level 27 in Spellcasting
    17 | D        | Reached XP level 18. HP: 214/214 MP: 6/49
    17 | D        | Noticed a meat berserker
    18 | D        | Noticed a destroyer
    18 | D        | Noticed a meat berserker
    18 | D        | Noticed a large bag of meat
    20 | D        | Noticed a meat berserker
    20 | D        | Killed a meat berserker
    21 | D        | Killed a destroyer
    21 | D        | Reached skill level 27 in Dodging
    21 | D        | Reached XP level 19. HP: 215/221 MP: 7/50
    21 | D        | Noticed a large bag of meat
    22 | D        | Killed a meat berserker
    22 | D        | Reached ***** piety under Makhleb
    22 | D        | Killed a meat berserker
    22 | D        | Reached XP level 20. HP: 167/231 MP: 7/51
    23 | D        | Killed a meat berserker
    23 | D        | Killed a meat berserker
    23 | D        | Reached skill level 27 in Armour
    23 | D        | Noticed a large bag of meat
    24 | D        | Killed a meat berserker
    24 | D        | Reached skill level 27 in Throwing
    24 | D        | Reached XP level 21. HP: 239/239 MP: 8/52
    24 | D        | Reached skill level 10 in Stealth
    26 | D        | Reached ****** piety under Makhleb
    26 | D        | Reached skill level 15 in Stealth
    26 | D        | Reached XP level 22. HP: 249/249 MP: 8/53
    28 | D        | Reached skill level 27 in Invocations
    28 | D        | Reached skill level 27 in Unarmed Combat
    28 | D        | Reached XP level 23. HP: 256/256 MP: 9/54
    35 | D        | Reached skill level 27 in Stealth
    36 | D        | Killed a large bag of meat
    38 | D        | Killed a large bag of meat
    39 | D        | Killed a large bag of meat
    39 | D        | Noticed a destroyer
    41 | D        | Killed a destroyer
    41 | D        | Reached XP level 24. HP: 266/266 MP: 12/54
    41 | D        | Noticed a large bag of meat
    43 | D        | Noticed a large bag of meat
    45 | D        | Killed a large bag of meat
    46 | D        | Noticed a destroyer
    49 | D        | Noticed an accursed
    49 | D        | Reached XP level 25. HP: 274/274 MP: 15/54
    49 | D        | Noticed a large bag of meat
    50 | D        | Killed an accursed
    50 | D        | Noticed a large bag of meat
    51 | D        | Noticed a tyrant
    51 | D        | Noticed a destroyer
    52 | D        | Killed a destroyer
    54 | D        | Noticed a tyrant
    54 | D        | Killed a tyrant
    54 | D        | Reached XP level 26. HP: 284/284 MP: 16/54
    57 | D        | Killed a destroyer
    58 | D        | Noticed a large bag of meat
    58 | D        | Killed a large bag of meat
    58 | D        | Reached XP level 27. HP: 292/292 MP: 17/54
    58 | D        | Noticed a destroyer
    60 | D        | Killed a large bag of meat
    61 | D        | Noticed a dread
    61 | D        | Killed a tyrant
    62 | D        | Noticed a destroyer
    62 | D        | Noticed a tyrant
    62 | D        | Noticed a destroyer
    62 | D        | Noticed a meat beast
    63 | D        | Killed a destroyer
    64 | D        | Noticed a meat beast
    64 | D        | Killed a large bag of meat
    64 | D        | Noticed a tyrant
    65 | D        | Noticed a large bag of meat
    65 | D        | Noticed a large bag of meat
    65 | D        | Killed a tyrant
    65 | D        | Killed a destroyer
    65 | D        | Noticed a destroyer
    66 | D        | Killed a destroyer
    66 | D        | Killed a meat beast
    66 | D        | Noticed a dread
    66 | D        | Noticed a dread
    67 | D        | Noticed a tyrant
    67 | D        | Killed a destroyer
    68 | D        | Noticed a destroyer
    68 | D        | Killed a dread
    69 | D        | Killed a meat beast
    69 | D        | Killed a destroyer
    70 | D        | Noticed a meat beast
    70 | D        | Killed a meat beast
    71 | D        | Killed a dread
    71 | D        | Noticed a dread
    72 | D        | Killed a tyrant
    73 | D        | Killed a dread
    74 | D        | Killed a tyrant
    75 | D        | Killed a large bag of meat
    76 | D        | Noticed a destroyer
    76 | D        | Killed a large bag of meat
    77 | D        | Killed a dread
    78 | D        | Noticed a meat beast
    78 | D        | Noticed a dread
    78 | D        | Noticed a dread
    78 | D        | Noticed a large bag of meat
    78 | D        | Noticed a large bag of meat
    78 | D        | Noticed a meat beast
    80 | D        | Noticed a large bag of meat
    80 | D        | Killed a dread
    80 | D        | Killed a dread
    80 | D        | Noticed a meat beast
    80 | D        | Noticed a tyrant
    80 | D        | Noticed a large bag of meat
    81 | D        | Noticed a destroyer
    81 | D        | Noticed a tyrant
    81 | D        | Noticed a dread
    82 | D        | Noticed an accursed
    83 | D        | Noticed a meat beast
    83 | D        | Killed a meat beast
    84 | D        | Killed a large bag of meat
    84 | D        | Killed a meat beast
    85 | D        | Killed a tyrant
    86 | D        | Killed a large bag of meat
    86 | D        | Noticed a meat beast
    89 | D        | Noticed an accursed
    89 | D        | Killed an accursed
    89 | D        | Killed an accursed
    92 | D        | Killed a destroyer
    94 | D        | Killed a meat beast
    94 | D        | Killed a large bag of meat
    96 | D        | Killed a destroyer
    96 | D        | Killed a meat beast
    97 | D        | Noticed an accursed
    98 | D        | Killed a meat beast
    98 | D        | Noticed The Defiler
    99 | D        | Noticed a meat beast
   100 | D        | Killed The Defiler
   100 | D        | Noticed an accursed
   102 | D        | Noticed an accursed
   103 | D        | Killed an accursed
   103 | D        | Noticed an accursed
   104 | D        | Noticed a tyrant
   104 | D        | Killed an accursed
   104 | D        | Killed an accursed
   104 | D        | Noticed a destroyer
   104 | D        | Noticed a destroyer
   105 | D        | Noticed a destroyer
   106 | D        | Noticed a dread
   106 | D        | Killed a dread
   106 | D        | Killed a meat beast
   107 | D        | Noticed a destroyer
   107 | D        | Noticed a meat beast
   107 | D        | Noticed an accursed
   108 | D        | Killed a tyrant
   108 | D        | Killed a destroyer
   109 | D        | Killed a destroyer
   110 | D        | Noticed a large bag of meat
   112 | D        | Noticed a tyrant
   112 | D        | Noticed a tyrant
   112 | D        | Noticed a large bag of meat
   112 | D        | Noticed a destroyer
   112 | D        | Noticed a dread
   113 | D        | Killed an accursed
   113 | D        | Killed a meat beast
   114 | D        | Killed a destroyer
   115 | D        | Noticed an accursed
   115 | D        | Noticed a dread
   115 | D        | Noticed a tyrant
   115 | D        | Noticed a meat beast
   117 | D        | Killed a dread
   118 | D        | Killed a dread
   118 | D        | Killed a destroyer
   118 | D        | Noticed a fleshlord
   119 | D        | Killed a tyrant
   120 | D        | Killed a meat beast
   120 | D        | Killed a large bag of meat
   121 | D        | Noticed a fleshlord
   121 | D        | Noticed a dread
   121 | D        | Killed a large bag of meat
   122 | D        | Killed a tyrant
   123 | D        | Killed a large bag of meat
   124 | D        | Killed a tyrant
   125 | D        | Noticed a fleshlord
   127 | D        | Killed a dread
   128 | D        | Noticed a fleshlord
   128 | D        | Killed an accursed
   128 | D        | Noticed a fleshlord
   128 | D        | Noticed a tyrant
   128 | D        | Noticed an accursed
   128 | D        | Noticed a fleshlord
   130 | D        | Killed a destroyer
   130 | D        | Noticed a dread
   130 | D        | Annihilated by a fleshlord

Illustrated notes

Levels and vault maps discovered:
D:        meatsprint

Skill      XL: |  1  2  3  4  5  6  7  8  9 10 11 12 13 14 15 16 17 18 19 20 21 22 23 |
---------------+----------------------------------------------------------------------+-----
Fighting       | 15 19 22 24 27 | 27.0
Axes           | 16 19 20 23 25 27 | 27.0
Throwing       | 4 6 7 8 10 16 21 27 | 27.0
Armour         | 5 6 7 8 11 17 22 27 | 27.0
Dodging        | 12 15 16 18 19 23 27 | 27.0
Spellcasting   | 17 20 21 23 25 27 | 27.0
Stealth        | 15 24 27 | 27.0
Unarmed Combat | 19 27 | 27.0
Invocations    | 21 27 | 27.0
Translocations | |  3.0

Action                   |  1- 3 |  4- 6 |  7- 9 | 10-12 | 13-15 | 16-18 | 19-21 | 22-24 | 25-27 || total
-------------------------+-------+-------+-------+-------+-------+-------+-------+-------+-------++-------
Melee: Executioner's axe |     1 |       |       |       |     3 |     8 |     4 |    18 |    78 ||   112
 Abil: Rolling Charge    |       |       |       |       |     3 |     4 |       |     7 |    49 ||    63
  Use: Potion            |       |       |       |       |       |       |       |       |     1 ||     1
Dodge: Dodged            |       |       |       |       |       |       |       |     3 |     3 ||     6

Table legend: (Time is in decaauts)
 A = Elapsed time spent in this place.
 B = Non-inter-level travel time spent in this place.
 C = Inter-level travel time spent in this place.
 D = Time resting spent in this place.
 E = Time spent auto-exploring this place.
 F = Levels seen in this place.
 G = Mean time per level.
                   A        B        C        D        E       F      G
               +--------+--------+--------+--------+--------+-----+--------+
         Total |     97 |     97 |      0 |      0 |      0 |   1 |   97.0 |
       Dungeon |     97 |     97 |      0 |      0 |      0 |   1 |   97.0 |
               +--------+--------+--------+--------+--------+-----+--------+

Top non-repeatable levels by time:
       D: 97 daAuts
